 Dungeon Crawl Stone Soup version 0.27-a0-1219-g958d993ae5 (webtiles) character file.

Game seed: 7442876956470660591

217 tilp the Caller (level 5, 0/41 HPs)
             Began as a Barachi Summoner on June 6, 2021.
             Slain by Duvessa
             ... wielding a +0 short sword
              (17 damage)
             ... on level 4 of the Dungeon.
             The game lasted 00:07:36 (4450 turns).

tilp the Caller (Barachi Summoner)                  Turns: 4450, Time: 00:07:37

Health: 0/41       AC:  7    Str: 10    XL:     5   Next: 94%
Magic:  3/9        EV: 11    Int: 16    God:
Gold:   76         SH:  0    Dex: 12    Spells: 4/10 levels left

rFire    . . .     SeeInvis +   a - +1 whip
rCold    . . .     Faith    .   (no shield)
rNeg     . . .     Spirit   .   g - +0 ring mail
rPois    +         Reflect  .   (no helmet)
rElec    .         Harm     .   c - +1 cloak
rCorr    .         Rampage  .   (no gloves)
Will     .....                  (no boots)
Stlth    +.........             (no amulet)
HPRegen  0.13/turn              n - ring of poison resistance
MPRegen  0.11/turn              k - ring of see invisible

@: unable to hop, slow
A: amphibious, slowness 1, strong legs 1, +LOS
a: Hop


You were on level 4 of the Dungeon.
You visited 1 branch of the dungeon, and saw 4 of its levels.

You collected 76 gold pieces.

Inventory:

Hand Weapons
 a - a +1 whip (weapon)
 b - a +1 dagger of venom
Armour
 c - a +1 cloak (worn)
 g - a +0 ring mail (worn)
Jewellery
 d - a ring of ice
 k - a ring of see invisible (right hand)
 n - a ring of poison resistance (left hand)
 p - an amulet of the acrobat
Wands
 q - a wand of iceblast (2)
Scrolls
 h - a scroll of brand weapon {unknown}
 j - a scroll of amnesia
 r - a scroll of noise {unknown}
Potions
 e - 2 potions of invisibility
 f - a potion of flight
 l - 4 potions of curing
 m - a potion of brilliance
 o - a potion of mutation {unknown}
 s - a potion of lignification {unknown}


   Skills:
 + Level 3.2 Fighting
 + Level 3.2 Dodging
 + Level 2.8 Stealth
 - Level 3.0 Spellcasting
 - Level 6.0 Summonings


You had 4 spell levels left.
You knew the following spells:

 Your Spells              Type           Power      Damage    Failure   Level
a - Summon Small Mammal   Summ           84%        N/A       4%          1
b - Call Imp              Summ           21%        N/A       6%          2
c - Call Canine Familiar  Summ           21%        N/A       12%         3

Your spell library contained the following spells:

 Spells                   Type           Power      Damage    Failure   Level
 Summon Guardian Golem    Hex/Summ       12%        N/A       38%         3
 Summon Ice Beast         Ice/Summ       12%        N/A       80%         4
 Summon Lightning Spire   Summ/Air       12%        N/A       80%         4


Dungeon Overview and Level Annotations

Branches:
Dungeon (4/15)
 Temple: D:4-7

Altars:

Shops:
D:1 (!   D:2 (

Annotations:
D:4 Duvessa


Innate Abilities, Weirdness & Mutations

You are amphibious.
You cover ground slowly.
You can hop short distances.
You have an extended range of vision and can be seen from far away.


Message History

Duvessa is moderately wounded.
Your hound bites Duvessa.
Duvessa hits you with a +0 short sword.
* * * LOW HITPOINT WARNING * * *
The ufetubus hits you but does no damage.
The ufetubus misses you.
Your hound completely misses Duvessa.
Your white imp hits Duvessa.
Your white imp freezes Duvessa.
You hit Duvessa.
Duvessa is heavily wounded.
Duvessa hits you but does no damage. The ufetubus closely misses you.
The ufetubus barely misses you.
Your hound bites Duvessa.
Duvessa hits your hound with a +0 short sword!
Your hound dies!
Your hound's corpse disappears in a puff of smoke!
The ufetubus barely misses you.
The ufetubus hits you but does no damage.
Your white imp gestures at Duvessa.
The puff of frost misses Duvessa.
Your white imp barely misses Duvessa.
Duvessa shouts!
You feel much better. Duvessa hits you with a +0 short sword!
The ufetubus barely misses you.
The ufetubus hits you but does no damage.
Your white imp completely misses Duvessa.
Your white imp hits Duvessa but does no damage.
Duvessa barely misses you.
Unknown command.
You hit Duvessa but do no damage.
Duvessa is heavily wounded.
The ufetubus barely misses you.
The ufetubus hits you but does no damage.
Duvessa hits you with a +0 short sword. The ufetubus misses you.
The ufetubus hits you but does no damage.
Your white imp barely misses Duvessa.
Your white imp hits Duvessa but does no damage.
You hit Duvessa.
Duvessa is severely wounded.
Duvessa barely misses you. The ufetubus hits you. The ufetubus misses you.
Your white imp hits Duvessa but does no damage.
Your white imp gestures at Duvessa.
The puff of frost misses Duvessa.
Duvessa hits you with a +0 short sword!
You die...

.##..##........#.#.).#..#..##
.##..#...............#######
##........#........#####
....######..#....[....## ...
..##.##.###.....# ..
...##.#.#....##
........###..#
#####.##......# #55@.#.####
##.e5#### ##....#.##
#........# #.....#..#
##...##### #..## ####


You could see Duvessa (berserk, ally target), an ufetubus and 2 friendly white
imps.

Vanquished Creatures
  A hound (D:3)
  Ijyb (D:3)
  3 adders
  2 dart slugs
  4 orcs
  3 endoplasms
  3 goblins
  5 jackals
  2 quokkas
  4 ball pythons
  4 frilled lizards
  A kobold (D:1)
  4 rats
37 creatures vanquished.

Vanquished Creatures (collateral kills)
  Dowan (D:4)
  A hound (D:2)
  A killer bee zombie (D:3)
  4 adders
  A dart slug (D:2)
  2 orcs (D:4)
  2 bats (D:1)
  4 endoplasms
  A giant cockroach (D:1)
  2 goblins
  4 hobgoblins
  5 jackals
  8 kobolds
  2 quokkas (D:1)
  4 ball pythons (D:1)
  A frilled lizard (D:1)
  A rat (D:2)
44 creatures vanquished.

Vanquished Creatures (others)
  A fungus (D:1)
  3 plants (D:1)
4 creatures vanquished.

Grand Total: 85 creatures vanquished

Notes
Turn   | Place    | Note
-------+----------+-------------------------------------------
     0 | D:1      | tilp the Barachi Summoner began the quest for the Orb.
     0 | D:1      | Reached XP level 1. HP: 13/13 MP: 3/3
   141 | D:1      | Reached skill level 1 in Fighting
   382 | D:1      | Reached XP level 2. HP: 21/22 MP: 3/5
   639 | D:1      | Reached skill level 5 in Summonings
  1007 | D:1      | Learned a level 2 spell: Call Imp
  1133 | D:1      | Found Woptiymy's Weapon Shoppe.
  1216 | D:1      | Reached XP level 3. HP: 21/27 MP: 3/6
  1221 | D:1      | Learned a level 3 spell: Call Canine Familiar
  1293 | D:1      | Found Nettuomn's Distillery.
  1450 | D:1      | Found a faded altar of an unknown god.
  1905 | D:2      | Found Paip's Antique Weapon Shoppe.
  2245 | D:2      | Reached XP level 4. HP: 33/33 MP: 3/8
  2610 | D:2      | Reached skill level 6 in Summonings
  3305 | D:3      | Reached XP level 5. HP: 35/39 MP: 4/9
  3591 | D:3      | Noticed Ijyb
  3610 | D:3      | Killed Ijyb
  4043 | D:4      | Noticed Dowan
  4060 | D:4      | Killed Dowan
  4438 | D:4      | Noticed Duvessa
  4450 | D:4      | Slain by Duvessa

Illustrated notes

Levels and vault maps discovered:
D:1:      scummos_arrival_checkerplants, layout_basic, serial_shops,
          nicolae_shop_stone, nicolae_shop_crystal,
          shapermc_ecumenical_altar_mp_ritualfount
D:2:      layout_loops_cross, serial_shops, shop, serial_co_window_serial,
          co_window_corner_a, co_window_corner_a, co_window_paths_a,
          co_window_paths_a, co_window_of_opportunity_a,
          co_window_of_opportunity_b, co_window_2corner, co_window_corner_b,
          glass_columns_b
D:3:      layout_loops_ring, minivault_4, grunt_ministairs_15,
          minmay_liquid_box, uniq_ijyb
D:4:      layout_cave_pools, uniq_duvessa

Skill      XL: |  1  2  3  4  5 |
---------------+----------------+-----
Fighting       | 1 2 3 |  3.2
Summonings     | 5 6 |  6.0
Spellcasting   | 3 |  3.0
Stealth        | 2 |  2.8
Dodging        | 3 |  3.2

Action                   |  1- 3 |  4- 6 || total
-------------------------+-------+-------++-------
Melee: Whip              |    76 |   127 ||   203
 Cast: Summon Small Mamm |    62 |       ||    62
       Call Imp          |    15 |    28 ||    43
       Call Canine Famil |       |     4 ||     4
 Abil: Hop               |     2 |     1 ||     3
  Use: Scroll            |     3 |     6 ||     9
       Potion            |       |     1 ||     1
 Stab: Distracted        |     1 |       ||     1
Armor: Robe              |    19 |       ||    19
       Ring mail         |    22 |    71 ||    93
Dodge: Dodged            |    76 |    81 ||   157

Table legend: (Time is in decaauts)
 A = Elapsed time spent in this place.
 B = Non-inter-level travel time spent in this place.
 C = Inter-level travel time spent in this place.
 D = Time resting spent in this place.
 E = Time spent auto-exploring this place.
 F = Levels seen in this place.
 G = Mean time per level.
                   A        B        C        D        E       F      G
               +--------+--------+--------+--------+--------+-----+--------+
         Total |   4880 |   4788 |     92 |    267 |   3702 |   4 | 1220.0 |
       Dungeon |   4880 |   4788 |     92 |    267 |   3702 |   4 | 1220.0 |
               +--------+--------+--------+--------+--------+-----+--------+

Top non-repeatable levels by time:
     D:2: 1679 daAuts
     D:1: 1621 daAuts
     D:3: 954 daAuts
     D:4: 624 daAuts
